 Dungeon Crawl Stone Soup version 0.26-a0-810-ge1a9524b62 (webtiles) character file.

Game seed: 8224662059162169344

1740 marklar909 the Digger (level 8, -2/62 HPs)
             Began as a Yellow Draconian Earth Elementalist on Nov 13, 2020.
             Was a Follower of the Shining One.
             Slain by a two-headed ogre
             ... wielding a +0 giant club
              (21 damage)
             ... on level 5 of the Dungeon.
             The game lasted 00:09:46 (7412 turns).

marklar909 the Digger (DrEE)                        Turns: 7412, Time: 00:09:46

Health: -2/62      AC:  8    Str: 11    XL:     8   Next: 77%
Magic:  0/25       EV: 13    Int: 18    God:    the Shining One [*.....]
Gold:   214        SH:  0    Dex: 11    Spells: 3/18 levels left

rFire    . . .     SeeInvis .   m - +0 whip
rCold    . . .     Faith    .   (no shield)
rNeg     . . .     Spirit   +   (armour unavailable)
rPois    .         Reflect  .   (helmet restricted)
rElec    .         Harm     .   x - +0 cloak
rCorr    +         Rampage  .   b - +0 pair of gloves
MR       .....                  (no boots)
Stlth    +.........             c - amulet of guardian spirit
HPRegen  0.20/turn              s - ring of magical power
MPRegen  0.19/turn              (no ring)

@: short of breath, glowing
A: spit acid, unfitting armour, cold-blooded, acid resistance, AC +6
a: Breathe Acid, Renounce Religion


You were on level 5 of the Dungeon.
You worshipped the Shining One.
The Shining One was aware of your devotion.
You visited 1 branch of the dungeon, and saw 6 of its levels.

You collected 214 gold pieces.

Inventory:

Hand Weapons
 m - a +0 whip (weapon)
Missiles
 t - 26 stones (quivered)
Armour
 b - a +0 pair of gloves (worn)
 x - a +0 cloak (worn)
Jewellery
 c - an amulet of guardian spirit (around neck)
 s - a ring of magical power (left hand)
Wands
 i - a wand of disintegration (28)
Scrolls
 a - 3 scrolls of immolation {unknown}
 d - 4 scrolls of magic mapping {unknown}
 e - 5 scrolls of amnesia {unknown}
 h - 7 scrolls of identify {unknown}
 j - 2 scrolls of enchant weapon {unknown}
 k - 3 scrolls of noise {unknown}
 l - a scroll of enchant armour {unknown}
 o - 6 scrolls of remove curse {unknown}
 q - a scroll of random uselessness {unknown}
 r - a scroll of fog {unknown}
 u - 2 scrolls of fear {unknown}
Potions
 f - a potion of lignification
 g - 2 potions of cancellation
 n - a potion of haste
 p - 3 potions of flight
 v - a potion of heal wounds {unknown}
 w - a potion of brilliance {unknown}


   Skills:
 + Level 2.5 Fighting
 + Level 3.8 Maces & Flails
 + Level 3.1 Dodging
 + Level 2.9 Stealth
 + Level 0.1 Unarmed Combat
 + Level 5.8 Spellcasting
 * Level 4.8 Conjurations
 + Level 1.0 Transmutations
 + Level 6.0 Earth Magic


You had 3 spell levels left.
You knew the following spells:

 Your Spells              Type           Power        Failure   Level
a - Sandblast             Erth           ####..       1%          1
b - Stone Arrow           Conj/Erth      ###...       4%          3
c - Petrify               Tmut/Erth      ###.....     28%         4
d - Lee's Rapid Deconstr  Erth           ####......   28%         5
e - Blink                 Tloc           N/A          19%         2

Your spell library contained the following spells:

 Spells                   Type           Power        Failure   Level
 Magic Dart               Conj           ###.         1%          1
 Passwall                 Tmut/Erth      ###.....     4%          2
 Conjure Flame            Conj/Fire      ##......     14%         3
 Call Imp                 Summ           #.......     19%         2
 Slow                     Hex            #.......     19%         2
 Mephitic Cloud           Conj/Pois/Air  ##......     19%         3


Dungeon Overview and Level Annotations

Branches:
Dungeon (6/15)             Temple (0/1) D:5

Altars:
Gozag
Ru
Zin
The Shining One

Shops:
D:4 *   D:5 *


Innate Abilities, Weirdness & Mutations

You can spit globs of acid.
Your golden yellow scales are hard. (AC +6)
You cannot fit into any form of body armour.
You are cold-blooded and may be slowed by cold attacks.
You are resistant to acid. (rCorr)


Message History

Casting: Stone Arrow (dangerous; 4% risk of failure)
Confirm with . or Enter, or press ? or * to list all spells.
Aiming: Stone Arrow (dangerous; 4% risk of failure)
Press: ? - help, Shift-Dir - straight line, f/p - two-headed ogre
Aim: a two-headed ogre, wielding a +0 giant club and a +0 giant spiked club (severely wounded, covered in acid, haloed)
The stone arrow hits the two-headed ogre.
The two-headed ogre is severely wounded.
The two-headed ogre hits you with a +0 giant club!!
The two-headed ogre misses you.
Unknown command.
Casting: Stone Arrow (dangerous; 4% risk of failure)
Confirm with . or Enter, or press ? or * to list all spells.
Aiming: Stone Arrow (dangerous; 4% risk of failure)
Press: ? - help, Shift-Dir - straight line, f/p - two-headed ogre
Aim: a two-headed ogre, wielding a +0 giant club and a +0 giant spiked club (severely wounded, covered in acid, haloed)
The stone arrow hits the two-headed ogre!
The two-headed ogre is almost dead.
The two-headed ogre hits you with a +0 giant club!
The two-headed ogre hits you with a +0 giant spiked club!!
You die...

._..............#####.#.#........
...≈........#.........#'#########
≈≈≈≈..#####.#.#...........#
≈.....# #.#.#...........# #.#)#.#
#.#.#...........# ..#.#.#
#.#.#...........# ....#.#
#.#.#...........#
#...#.#####.#.#...........#
........[.......@O..>.....#
....#.#####...#...........#
)...#....<#...#...........#
....#######...#...........#
..#..# #...###################
###..# #......................
.....######..####################
####..##.........#
.................#


You could see a two-headed ogre (corroded).

Vanquished Creatures
  Sigmund (D:5)
  An ice beast (D:5)
  3 ogres (D:6)
  A phantom (D:5)
  3 centaurs (D:5)
  A bullfrog (D:5)
  3 wights (D:5)
  A howler monkey (D:5)
  A bullfrog zombie (D:5)
  2 hounds
  2 orc wizards
  A bullfrog skeleton (D:6)
  3 orc priests
  A jelly (D:6)
  Ijyb (D:5)
  An iguana (D:4)
  3 worker ants
  A hound zombie (D:5)
  A worker ant zombie (D:5)
  3 gnolls (D:6)
  9 adders
  A white imp (D:6)
  3 worms (D:2)
  4 dart slugs
  4 leopard geckos
  18 orcs
  3 bats
  6 giant cockroaches
  7 goblins
  6 hobgoblins
  3 jackals (D:2)
  11 kobolds
  4 quokkas
  9 frilled lizards
  12 rats
134 creatures vanquished.

Notes
Turn   | Place    | Note
-------+----------+-------------------------------------------
     0 | D:1      | marklar909 the Draconian Earth Elementalist began the quest
                  | for the Orb.
     0 | D:1      | Reached XP level 1. HP: 14/14 MP: 3/3
   162 | D:1      | Reached XP level 2. HP: 13/20 MP: 0/5
   979 | D:1      | Reached XP level 3. HP: 26/26 MP: 2/6
  1780 | D:2      | Reached XP level 4. HP: 31/33 MP: 5/8
  1787 | D:2      | Learned a level 3 spell: Stone Arrow
  2181 | D:2      | Found a glowing golden altar of the Shining One.
  2184 | D:2      | Became a worshipper of the Shining One
  2276 | D:3      | Found a sacrificial altar of Ru.
  2519 | D:3      | Reached skill level 4 in Earth Magic
  2519 | D:3      | Reached XP level 5. HP: 38/38 MP: 3/9
  2594 | D:3      | Reached skill level 1 in Conjurations
  2617 | D:3      | Reached skill level 1 in Maces & Flails
  3198 | D:4      | Reached XP level 6. HP: 42/46 MP: 6/11
  3552 | D:4      | Found Zin's Purification Station.
  3554 | D:4      | Found a glowing silver altar of Zin.
  3986 | D:5      | Entered Level 5 of the Dungeon
  4712 | D:5      | Found a glowing golden altar of the Shining One.
  4742 | D:5      | Your scales start taking on a golden yellow colour.
  4742 | D:5      | Reached XP level 7. HP: 32/51 MP: 0/13
  4742 | D:5      | Gained mutation: You are resistant to acid. (rCorr) [Yellow
                  | Draconian growth]
  4884 | D:5      | Noticed Sigmund
  4893 | D:5      | Killed Sigmund
  4893 | D:5      | Reached skill level 1 in Fighting
  4893 | D:5      | Reached skill level 5 in Earth Magic
  4997 | D:5      | Found a staircase to the Ecumenical Temple.
  5289 | D:5      | Found Gozag's Platinum Reserve.
  5325 | D:5      | Reached skill level 5 in Spellcasting
  5344 | D:5      | Reached * piety under the Shining One
  5366 | D:5      | Reached XP level 8. HP: 10/59 MP: 0/15
  5905 | D:5      | Found an opulent altar of Gozag.
  6719 | D:5      | Noticed Ijyb
  6726 | D:5      | Killed Ijyb
  6833 | D:5      | Learned a level 2 spell: Blink
  6838 | D:5      | Learned a level 4 spell: Petrify
  6844 | D:5      | Learned a level 5 spell: Lee's Rapid Deconstruction
  7361 | D:6      | Noticed a two-headed ogre
  7364 | D:6      | Reached skill level 6 in Earth Magic
  7412 | D:5      | Slain by a two-headed ogre

Illustrated notes

Levels and vault maps discovered:
D:1:      scummos_arrival_simple_crosswalls, layout_basic, minmay_statues_item,
          hex_medium, minmay_heptomino_l4
D:2:      layout_rooms, tso_oasis_becter, grunt_ministairs_7
D:3:      layout_basic, nicolae_ru_awakened_eye
D:4:      layout_basic, zin_purify
D:5:      layout_basic, nicolae_gozag_zags_fifth_avenue,
          minmay_temple_entry_stoned_glass, serial_corexii_hall,
          corexii_hall_statues_u, corexii_hall_statues_x, basic_altar,
          kennysheep_generic_room_14, uniq_sigmund, uniq_ijyb
D:6:      layout_rooms, grunt_temple_overflow_open, portal_sewer_entry_e,
          kennysheep_small_circle

Skill      XL: |  1  2  3  4  5  6  7  8 |
---------------+-------------------------+-----
Dodging        | 2 3 |  3.1
Stealth        | 2 |  2.9
Spellcasting   | 3 4 5 |  5.8
Earth Magic    | 4 5 6 |  6.0
Conjurations   | 1 2 3 4 |  4.8
Maces & Flails | 1 2 3 |  3.8
Fighting       | 1 2 |  2.5
Unarmed Combat | |  0.1
Transmutations | |  1.0

Action                   |  1- 3 |  4- 6 |  7- 9 || total
-------------------------+-------+-------+-------++-------
Melee: Unarmed           |    28 |       |       ||    28
       Tailslap          |     6 |     6 |     4 ||    16
       Whip              |    39 |    90 |    69 ||   198
 Cast: Sandblast         |    54 |    50 |    27 ||   131
       Stone Arrow       |       |    20 |    39 ||    59
 Abil: Breathe Acid      |       |       |    11 ||    11
  Use: Potion            |       |       |     5 ||     5
Armor: Skin              |    50 |    34 |    22 ||   106
Dodge: Dodged            |    80 |    61 |    59 ||   200

Table legend: (Time is in decaauts)
 A = Elapsed time spent in this place.
 B = Non-inter-level travel time spent in this place.
 C = Inter-level travel time spent in this place.
 D = Time resting spent in this place.
 E = Time spent auto-exploring this place.
 F = Levels seen in this place.
 G = Mean time per level.
                   A        B        C        D        E       F      G
               +--------+--------+--------+--------+--------+-----+--------+
         Total |   7402 |   7232 |    170 |   1086 |   5105 |   6 | 1233.7 |
       Dungeon |   7402 |   7232 |    170 |   1086 |   5105 |   6 | 1233.7 |
               +--------+--------+--------+--------+--------+-----+--------+

Top non-repeatable levels by time:
     D:5: 2186 daAuts
     D:4: 1489 daAuts
     D:1: 1242 daAuts
     D:3: 976 daAuts
     D:2: 976 daAuts
     D:6: 531 daAuts
